 Dungeon Crawl Stone Soup version 0.24.0-28-g17ded55e90 (webtiles) character file.

Game seed: 12549958681184568202, levelgen mode: deterministic

2725 KamiKatze the Spear-Bearer (level 9, -4/105 HPs)
             Began as a Merfolk Berserker on Nov 12, 2019.
             Was an Elder of Trog.
             Slain by an orc warrior
             ... wielding a +0 battleaxe
              (15 damage)
             ... on level 7 of the Dungeon.
             The game lasted 00:24:35 (7495 turns).

KamiKatze the Spear-Bearer (Merfolk Berserker)      Turns: 7495, Time: 00:24:36

Health: -4/105     AC:  9    Str: 26    XL:     9   Next: 67%
Magic:  0/11       EV: 14    Int:  6    God:    Trog [****..]
Gold:   347        SH:  0    Dex: 13    Spells: 8/8 levels left

rFire    . . .     SeeInvis .   a - +0 trident
rCold    . . .     Gourm    .   (no shield)
rNeg     . . .     Faith    .   m - +0 scale mail
rPois    +         Spirit   +   t - +0 helmet
rElec    .         Reflect  .   y - +0 cloak
rCorr    .         Harm     .   (no gloves)
MR       .....                  (no boots)
Stlth    ..........             n - amulet of guardian spirit
HPRegen  0.27/turn              w - ring of poison resistance
MPRegen  0.12/turn              (no ring)

@: berserking, very quick
A: change form in water, swift swim, stealthy swim
a: Berserk, Trog's Hand, Brothers in Arms, Renounce Religion


You were on level 7 of the Dungeon.
You worshipped Trog.
Trog was greatly pleased with you.
You were hungry.

You visited 2 branches of the dungeon, and saw 9 of its levels.

You collected 347 gold pieces.

Inventory:

Hand Weapons
 a - a +0 trident (weapon)
 b - a +0 spear
 j - a +0 halberd
 A - a +0 flail
Missiles
 e - 345 stones
 p - 4 poisoned darts (quivered)
 E - 14 boomerangs
 H - 6 javelins
 I - 8 atropa-tipped darts
Armour
 m - a +0 scale mail (worn)
 t - a +0 helmet (worn)
 x - a +0 plate armour
 y - a +0 cloak (worn)
 K - the +2 ring mail of Qoiqemir {rPois Dex+4 SInv, unknown}
   (You found it on level 7 of the Dungeon)

   It affects your dexterity (+4).
   It protects you from poison.
   It lets you see invisible.
 O - a +0 chain mail
Jewellery
 n - an amulet of guardian spirit (around neck)
 w - a ring of poison resistance (left hand)
Wands
 F - a wand of polymorph (10)
 M - a wand of random effects (16)
Scrolls
 f - a scroll of random uselessness {unknown}
 g - a scroll of blinking {unknown}
 h - 6 scrolls of teleportation
 i - 4 scrolls of remove curse
 k - a scroll of fear
 o - a scroll of fog {unknown}
 u - a scroll of enchant weapon {unknown}
 B - a scroll of amnesia {unknown}
 G - a scroll of immolation {unknown}
 J - a scroll of enchant armour {unknown}
 L - 2 scrolls of identify
Potions
 d - 3 potions of agility
 l - 5 potions of ambrosia
 q - 2 potions of curing
 r - a potion of brilliance {unknown}
 s - a potion of might
 v - a potion of magic {unknown}
 z - 3 potions of flight {unknown}
 C - a potion of lignification {unknown}
 D - 2 potions of berserk rage {unknown}
Comestibles
 c - 11 rations
 N - a chunk of flesh


   Skills:
 + Level 6.3 Fighting
 * Level 11.0 Polearms
 + Level 4.4 Throwing
 + Level 4.1 Armour
 + Level 7.1 Dodging
 - Level 2.1 Stealth
 - Level 3.0 Evocations


You had 8 spell levels left.
You didn't know any spells.
Your spell library was empty.

Dungeon Overview and Level Annotations

Branches:
Dungeon (8/15)             Temple (1/1) D:4
   Lair: D:8-11

Altars:
Ashenzari
Cheibriados
Dithmenos
Elyvilon
Fedhas
Gozag
Hepliaklqana
Kikubaaqudgha
Makhleb
Nemelex Xobeh
Okawaru
Qazlal
Ru
Sif Muna
Trog
Uskayaw
Vehumet
Wu Jian
Xom
Yredelemnul
Zin
The Shining One


Message History

* * * LOW HITPOINT WARNING * * *
You closely miss the orc warrior.
The orc warrior is almost dead.
You hit the orc warrior but do no damage.
The orc warrior is almost dead.
The orc warrior hits you with a +0 battleaxe!
* * * LOW HITPOINT WARNING * * *
The orc warrior looks more healthy.
Throwing (i - inventory. (/) - cycle)
p - 5 poisoned darts (quivered)
Press: ? - help, Shift-Dir - straight line, f/p - orc warrior
Aim: an orc warrior, wielding a +0 battleaxe and wearing a +0 plate armour (almost dead)
You throw a poisoned dart.
The poisoned dart barely misses the orc warrior.
The orc warrior hits you with a +0 battleaxe!!
* * * LOW HITPOINT WARNING * * *
A red film seems to cover your vision as you go berserk!
You feel yourself moving faster!
You feel mighty!
You are feeling hungry.
The orc warrior hits you with a +0 battleaxe!
You die...

#.........#..#.................
###.####.......................
#.# #......................#
#.####.............#......###
#.#.......##..##.#....###.#
#.#......###...#...#### #.#
#####.#......#.......### #.##
...............#......(######..##
................@o...#.....(.....
.....................#######.....
....................)# #......
.....................# #......
.....................# #......
.......######........# #......
.......# ########## #......
######## #...... ##.....


You could see an orc warrior.

Vanquished Creatures
  Pikel (D:6)
  A wyvern (D:7)
  Duvessa (D:5)
  4 sky beasts
  2 orc warriors
  4 ogres
  A centaur (D:3)
  Dowan (D:5)
  A scorpion (D:5)
  2 howler monkeys (D:8)
  A crimson imp (D:4)
  A centaur zombie (D:8)
  3 hounds
  Crazy Yiuf (D:5)
  3 orc priests
  7 orc wizards
  A bullfrog skeleton (D:7)
  A centaur skeleton (D:6)
  4 worker ants
  A hound skeleton (D:4)
  A gnoll (D:1)
  8 adders
  A shadow imp (D:7)
  2 oozes
  An adder zombie (D:8)
  2 adder skeletons
  A worm (D:2)
  3 dart slugs
  4 leopard geckos
  13 orcs
  5 bats
  8 giant cockroaches
  4 goblins
  6 hobgoblins
  21 jackals
  3 quokkas
  A ball python (D:1)
  5 frilled lizards
  9 kobolds
  2 leopard gecko skeletons
  9 rats
150 creatures vanquished.

Vanquished Creatures (others)
  A shadow imp (D:6)
1 creature vanquished.

Grand Total: 151 creatures vanquished

Notes
Turn   | Place    | Note
-------+----------+-------------------------------------------
     0 | D:1      | KamiKatze the Merfolk Berserker began the quest for the
                  | Orb.
     0 | D:1      | Reached XP level 1. HP: 18/18 MP: 1/1
   261 | D:1      | Reached XP level 2. HP: 24/24 MP: 2/2
   383 | D:1      | Reached skill level 1 in Stealth
   455 | D:1      | Reached skill level 5 in Polearms
   456 | D:1      | Reached XP level 3. HP: 26/29 MP: 3/3
   747 | D:1      | Reached ** piety under Trog
  1232 | D:2      | Reached skill level 1 in Throwing
  1232 | D:2      | Reached XP level 4. HP: 36/36 MP: 4/4
  1807 | D:2      | Reached XP level 5. HP: 36/42 MP: 3/5
  2438 | D:3      | Noticed a centaur
  2460 | D:3      | Reached *** piety under Trog
  2493 | D:3      | Killed a centaur
  2493 | D:3      | Reached skill level 6 in Polearms
  2764 | D:3      | Reached XP level 6. HP: 46/48 MP: 6/6
  3250 | D:4      | Reached skill level 7 in Polearms
  3414 | D:4      | Reached XP level 7. HP: 54/55 MP: 5/7
  3528 | D:4      | Found a staircase to the Ecumenical Temple.
  3540 | Temple   | Entered the Ecumenical Temple
  4029 | D:5      | Entered Level 5 of the Dungeon
  4127 | D:5      | Noticed Dowan
  4139 | D:5      | Noticed Duvessa
  4158 | D:5      | Killed Duvessa
  4167 | D:5      | Killed Dowan
  4167 | D:5      | Reached skill level 8 in Polearms
  4167 | D:5      | Reached skill level 5 in Dodging
  4253 | D:5      | Found a blossoming altar of Fedhas.
  4256 | D:5      | Found a sacrificial altar of Ru.
  4482 | D:5      | Reached skill level 5 in Fighting
  4482 | D:5      | Reached XP level 8. HP: 62/62 MP: 8/8
  4789 | D:5      | Found a runed translucent door.
  4790 | D:5      | Noticed Crazy Yiuf
  4796 | D:5      | Killed Crazy Yiuf
  5249 | D:6      | Reached skill level 1 in Evocations
  5304 | D:6      | Received a gift from Trog
  5352 | D:6      | Noticed Pikel
  5440 | D:6      | Reached skill level 9 in Polearms
  5485 | D:6      | Killed Pikel
  5485 | D:6      | Reached XP level 9. HP: 36/68 MP: 6/11
  5856 | D:6      | Reached **** piety under Trog
  5856 | D:6      | Reached skill level 10 in Polearms
  6415 | D:7      | Got a twisted ring mail
  6629 | D:8      | HP: 3/103 [centaur zombie (6)]
  7290 | D:7      | Reached skill level 11 in Polearms
  7495 | D:7      | Slain by an orc warrior

Levels and vault maps discovered:
D:1:      dpeg_arrival_water_temple_mockup, layout_basic
D:2:      layout_basic, serial_park_tiny_2, minmay_worlds_worst_comb
D:3:      layout_loops_cross, bh_walls_and_bars
D:4:      layout_basic, minmay_temple_entry_statues
D:5:      layout_loops_ring, grunt_temple_overflow_open, first_ration,
          uniq_duvessa, uniq_crazy_yiuf_cottage
D:6:      layout_basic, uniq_pikel
D:7:      layout_rooms
D:8:      layout_basic, basic_altar
Temple:   regret_index_temple_chain_breaker

Skill      XL: |  1  2  3  4  5  6  7  8  9 |
---------------+----------------------------+-----
Stealth        | 1 2 |  2.1
Polearms       | 5 6 7 8 9 11 | 11.0
Dodging        | 3 4 5 6 7 |  7.1
Throwing       | 1 2 3 4 |  4.4
Armour         | 2 3 4 |  4.1
Fighting       | 4 5 6 |  6.3
Evocations     | 3 |  3.0

Action                   |  1- 3 |  4- 6 |  7- 9 || total
-------------------------+-------+-------+-------++-------
Melee: Spear             |   122 |   229 |   206 ||   557
       Trident           |       |       |   223 ||   223
Throw: Stone             |     5 |    23 |       ||    28
       Dart              |       |    10 |    25 ||    35
Invok: Berserk           |     1 |     4 |     6 ||    11
  Use: Scroll            |       |     6 |     2 ||     8
 Stab: Sleeping          |       |     1 |     2 ||     3
  Eat: Chunk             |     2 |    10 |    19 ||    31
Armor: Ring mail         |    26 |    40 |    36 ||   102
       Scale mail        |       |       |    46 ||    46
Dodge: Dodged            |    52 |    96 |   159 ||   307
